 Dungeon Crawl Stone Soup version 0.29.1-15-g9cfb28693d (webtiles) character file.

Game seed: 16846129471210956786

4706 BuddhaDhamma the Severer (level 10, -13/77 HPs)
             Began as a Minotaur Berserker on Feb 26, 2023.
             Was a Believer of Trog.
             Killed from afar by an electric eel (14 damage)
             ... with a bolt of electricity
             ... on level 8 of the Dungeon.
             The game lasted 00:22:31 (10734 turns).

BuddhaDhamma the Severer (Minotaur Berserker)      Turns: 10734, Time: 00:22:32

Health: -13/77     AC: 15    Str: 26    XL:     10   Next: 21%
Magic:  9/9        EV:  7    Int:  4    God:    Trog [**....]
Gold:   549        SH:  0    Dex: 10    Spells: 9/9 levels left

rFire   . . .      SeeInvis .   s - +0 war axe
rCold   . . .      Faith    .   (no shield)
rNeg    . . .      Spirit   .   a - +0 plate armour
rPois   .          Reflect  .   (helmet restricted)
rElec   .          Harm     .   t - +0 cloak
rCorr   .          Rampage  .   m - +1 pair of gloves
Will    .....                   j - +0 pair of boots
Stlth   ..........              (no amulet)
HPRegen 0.22/turn               (no ring)
MPRegen 0.11/turn               (no ring)

@: no status effects
A: horns 2, retaliatory headbutt
a: Renounce Religion, Berserk, Trog's Hand


You were on level 8 of the Dungeon.
You worshipped Trog.
Trog was pleased with you.
You visited 1 branch of the dungeon, and saw 8 of its levels.

You collected 549 gold pieces.

Inventory:

Hand Weapons
 s - a +0 war axe (weapon)
Missiles
 g - 3 silver boomerangs (quivered)
Armour
 a - a +0 plate armour (worn)
 j - a +0 pair of boots (worn)
 m - a +1 pair of gloves (worn)
 t - a +0 cloak (worn)
Jewellery
 v - a +6 ring of intelligence
 y - a +6 ring of dexterity
Wands
 n - a wand of paralysis (3)
 o - a wand of iceblast (8)
 x - a wand of flame (3)
Scrolls
 b - 2 scrolls of enchant armour
 e - a scroll of acquirement
 f - a scroll of immolation
 r - a scroll of noise {unknown}
 u - a scroll of magic mapping
 z - a scroll of teleportation
 A - a scroll of identify
Potions
 c - a potion of heal wounds
 d - a potion of mutation {unknown}
 h - 5 potions of cancellation
 i - a potion of berserk rage {unknown}
 k - 5 potions of curing
 l - 2 potions of might
 p - a potion of degeneration {unknown}
 q - 2 potions of resistance
 w - a potion of invisibility {unknown}


   Skills:
 - Level 3.6 Fighting
 + Level 17.7 Axes
 - Level 2.4 Armour
 - Level 2.1 Dodging


You had 9 spell levels left.
You didn't know any spells.
Your spell library was empty.

Dungeon Overview and Level Annotations

Branches:
Dungeon (8/15)             Temple (0/1) D:6
   Lair: D:8-11

Altars:
Ashenzari
Cheibriados
Dithmenos
Kikubaaqudgha
Makhleb
Trog
Uskayaw
Xom
Yredelemnul


Innate Abilities, Weirdness & Mutations

You have a pair of horns on your head.
You reflexively headbutt those who attack you in melee.


Message History

The bolt of electricity misses you. The bolt of electricity hits you.
The electric eel shoots out a bolt of lightning at you!
The bolt of electricity hits the plant!
The bolt of electricity hits the electric eel.
The electric eel completely resists.
The bolt of electricity hits you! The bolt of electricity hits you.
The electric eel shoots out a bolt of lightning at you!
The bolt of electricity hits the plant!
The bolt of electricity hits you!
The electric eel shoots out a bolt of lightning at you!
The bolt of electricity hits the plant!
The bolt of electricity hits you.
You enter the shallow water.
Moving in this stuff is going to be slow.
A nearby plant withers and dies.
The electric eel shoots out a bolt of lightning at you!
The bolt of electricity hits you!
The electric eel shoots out a bolt of lightning at you!
The bolt of electricity hits you. The bolt of electricity hits you!
* * * LOW HITPOINT WARNING * * *
You slash the electric eel!
The electric eel is heavily wounded.
You barely miss the electric eel.
You enter the shallow water.
Moving in this stuff is going to be slow.
The electric eel shoots out a bolt of lightning at you!
The bolt of electricity hits you.
* * * LOW HITPOINT WARNING * * *
The bolt of electricity hits the plant.
The plant begins to die.
You enter the shallow water.
Moving in this stuff is going to be slow.
The electric eel shoots out a bolt of lightning at you!
The bolt of electricity hits you.
* * * LOW HITPOINT WARNING * * *
The bolt of electricity hits the plant!
The electric eel shoots out a bolt of lightning at you!
The bolt of electricity hits the plant!
The plant begins to die.
The bolt of electricity hits you!
* * * LOW HITPOINT WARNING * * *
The electric eel shoots out a bolt of lightning at you!
The bolt of electricity hits you!
You die...

....#................#
###.##.#.##....#♣.♣#.#
#.##.#.##....#P~~#.#
##.##.#.##.....~~P#.#
##..............~.~..#
#........##<...#♣P♣..#
#..............#####.#
#..#######......####.#
#..# ###....@P...#.#
#..#####..P.~~~.S~P#.#
#.....<...~~.~.S.~...#
##..##.#♣~.~~~≈~~.~♣.#
####[.##.#.~~.≈~≈~.~.$##
........#.P~~~~~.~~.P.#
####..##.#.P~~P~~~~~..#
#.......#.#.P.....##
#...........####.##


You could see 2 electric eels.

Vanquished Creatures
  A two-headed ogre (D:8)
  Pikel (D:7)
  2 wyverns
  4 yaks (D:8)
  A steam dragon (D:7)
  2 water moccasins (D:8)
  An ice beast (D:5)
  3 black bears
  4 ogres (D:5)
  3 lemures (D:7)
  A centaur (D:8)
  A phantom (D:5)
  2 bullfrogs
  4 necrophages
  5 scorpions
  3 wights (D:7)
  4 electric eels
  2 howler monkeys (D:7)
  3 hounds
  2 jellies
  2 orc priests (D:6)
  5 iguanas
  2 orc wizards
  7 adders
  A shadow imp (D:7)
  2 white imps (D:6)
  An ufetubus (D:4)
  4 dart slugs
  12 orcs
  7 endoplasms
  5 giant cockroaches
  3 goblins
  2 hobgoblins
  6 jackals
  7 kobolds
  2 quokkas (D:5)
  2 ball pythons
  2 bats (D:1)
  3 frilled lizards
  5 rats
129 creatures vanquished.

Vanquished Creatures (others)
  A wight (D:7)
  51 plants
52 creatures vanquished.

Grand Total: 181 creatures vanquished

Notes
Turn   | Place    | Note
-------+----------+-------------------------------------------
     0 | D:1      | BuddhaDhamma the Minotaur Berserker began the quest for the
                  | Orb.
     0 | D:1      | Reached XP level 1. HP: 19/19 MP: 0/0
   215 | D:1      | Reached skill level 4 in Axes
   465 | D:1      | Reached XP level 2. HP: 26/26 MP: 1/1
   690 | D:1      | Found a faded altar of an unknown god.
   882 | D:1      | Identified a scroll of acquirement
   882 | D:1      | Acquired 787 gold pieces
   968 | D:2      | You fall into a shaft and drop 2 floors!
  1222 | D:3      | Reached skill level 5 in Axes
  1239 | D:3      | Reached XP level 3. HP: 12/31 MP: 2/2
  1801 | D:2      | Reached ** piety under Trog
  1805 | D:2      | Found a snail-covered altar of Cheibriados.
  2509 | D:3      | Reached XP level 4. HP: 39/39 MP: 3/3
  2568 | D:3      | Found a broken altar of Ashenzari.
  2618 | D:3      | Reached skill level 6 in Axes
  2695 | D:3      | Found a hide-covered altar of Uskayaw.
  3224 | D:4      | Noticed a black bear
  3234 | D:4      | Killed a black bear
  3235 | D:4      | Reached skill level 7 in Axes
  3235 | D:4      | Reached XP level 5. HP: 45/45 MP: 4/4
  3643 | D:4      | Reached skill level 8 in Axes
  3920 | D:4      | Reached XP level 6. HP: 46/51 MP: 5/5
  4029 | D:5      | Entered Level 5 of the Dungeon
  4380 | D:5      | Reached skill level 9 in Axes
  4608 | D:5      | Reached XP level 7. HP: 43/57 MP: 6/6
  4795 | D:5      | Reached skill level 10 in Axes
  4958 | D:5      | Found an ancient bone altar of Kikubaaqudgha.
  5421 | D:5      | Found a shadowy altar of Dithmenos.
  5435 | D:5      | Reached skill level 11 in Axes
  5505 | D:5      | Found a bloodstained altar of Trog.
  5594 | D:5      | Found a shimmering altar of Xom.
  5605 | D:5      | Reached XP level 8. HP: 64/64 MP: 7/7
  5782 | D:5      | Reached skill level 12 in Axes
  6437 | D:6      | Reached *** piety under Trog
  6438 | D:6      | Reached skill level 13 in Axes
  6622 | D:6      | Found a snail-covered altar of Cheibriados.
  6904 | D:6      | Found a staircase to the Ecumenical Temple.
  7114 | D:7      | Noticed Pikel
  7332 | D:7      | Reached skill level 14 in Axes
  7583 | D:7      | Reached XP level 9. HP: 27/70 MP: 8/8
  7886 | D:7      | Found a basalt altar of Yredelemnul.
  8505 | D:7      | Killed Pikel
  8506 | D:7      | Reached skill level 15 in Axes
  8908 | D:7      | Identified the +4 morningstar of Tension {vorpal, rC++}
  9249 | D:8      | Reached skill level 16 in Axes
  9757 | D:8      | Noticed a two-headed ogre
  9772 | D:8      | Killed a two-headed ogre
  9849 | D:8      | Reached skill level 17 in Axes
 10033 | D:8      | Found a burning altar of Makhleb.
 10078 | D:8      | Reached XP level 10. HP: 54/77 MP: 9/9
 10734 | D:8      | HP: 1/77 [electric eel/bolt of electricity (10)]
 10734 | D:8      | Killed from afar by an electric eel

Illustrated notes

Levels and vault maps discovered:
D:1:      scummos_arrival_simple_crosswalls, layout_basic,
          chequers_ecumenical_altar_simple, minmay_close_crescents
D:2:      layout_loops_ring, basic_altar, serial_bayou_pond_d
D:3:      layout_basic, nicolae_ashenzari_skybound,
          nicolae_uskayaw_murder_on_the_dancefloor, nicolae_figureground_pulse
D:4:      layout_rooms, dreamdust_princess_corridor, hangedman_decor_opposing,
          minmay_distorted
D:5:      layout_loops_cross, bloody_trog, nicolae_kikubaaqudgha_miasma_corner,
          nicolae_overflow_crystal_walls, mainiacjoe_overflow_alcove_1,
          minmay_misc_feat_doors
D:6:      layout_loops_corners, cheibriados_altar_1,
          minmay_temple_entry_enclosed_plants
D:7:      layout_gridville, mainiacjoe_overflow_alcove_4, serial_bayou,
          serial_bayou_ford_a, serial_bayou_pond_c, serial_bayou_pond_e,
          serial_bayou_pond_d, uniq_pikel
D:8:      layout_loops_ring, bloody_makhleb, serial_bayou, serial_bayou_pond_e,
          serial_bayou_lagoon_a, serial_bayou_pond_c, serial_bayou_pond_e,
          serial_bayou_pond_b, uniq_maurice

Skill      XL: |  1  2  3  4  5  6  7  8  9 |
---------------+----------------------------+-----
Axes           | 4 5 7 8 9 11 14 17 | 17.7
Fighting       | |  3.6
Armour         | |  2.4
Dodging        | |  2.1

Action                   |  1- 3 |  4- 6 |  7- 9 | 10-12 || total
-------------------------+-------+-------+-------+-------++-------
Melee: Hand axe          |    48 |    82 |   170 |       ||   300
       Headbutt          |     8 |    14 |    41 |     6 ||    69
       Punch             |     2 |     1 |     2 |       ||     5
       War axe           |       |       |    88 |    29 ||   117
Throw: Stone             |    15 |       |       |       ||    15
       Boomerang         |    16 |       |     5 |       ||    21
Invok: Berserk           |       |     1 |     3 |     1 ||     5
Evoke: Wand              |       |       |     1 |       ||     1
  Use: Scroll            |     7 |     3 |     7 |       ||    17
Armor: Leather armour    |     5 |       |       |       ||     5
       Ring mail         |     9 |     7 |       |       ||    16
       Scale mail        |       |     9 |       |       ||     9
       Plate armour      |       |     6 |   122 |    14 ||   142
Dodge: Dodged            |    35 |    35 |    58 |     5 ||   133
